 Dungeon Crawl Stone Soup version 0.27.1 (webtiles) character file.

Game seed: 1386518409149615954

24383 funkygono the Thaumaturge (level 13, -3/66 HPs)
             Began as a Gargoyle Fire Elementalist on Aug 24, 2021.
             Was an Elder of Vehumet.
             Slain by a seven-headed hydra (8 damage)
             ... on level 4 of the Lair of Beasts.
             The game lasted 00:42:19 (17373 turns).

funkygono the Thaumaturge (GrFE)                   Turns: 17373, Time: 00:42:19

Health: -3/66      AC: 22    Str: 15    XL:     13   Next: 12%
Magic:  16/29      EV: 16    Int: 23    God:    Vehumet [****..]
Gold:   1091       SH:  0    Dex: 10    Spells: 6/36 levels left

rFire    + . .     SeeInvis .   s - +2 whip (flame)
rCold    . . .     Faith    .   (no shield)
rNeg     + + .     Spirit   .   D - +0 steam dragon scales
rPois    ∞         Reflect  .   B - +1 helmet of Leaves {rF+ Stlth+}
rElec    +         Harm     .   J - +0 cloak
rCorr    .         Rampage  .   t - +1 pair of gloves {Str+3}
Will     .....                  i - +2 pair of boots {Stlth+}
Stlth    ++++......             A - amulet of magic regeneration
HPRegen  0.21/turn              h - ring of positive energy
MPRegen  0.46/turn              j - ring of Utuar {EV+4 Int+2}

@: no status effects
A: sickness immunity, AC +9, negative energy resistance 1, electricity
resistance, torment resistance 1, petrification resistance
a: Renounce Religion


You were on level 4 of the Lair of Beasts.
You worshipped Vehumet.
Vehumet was greatly pleased with you.
You visited 3 branches of the dungeon, and saw 15 of its levels.

You collected 1091 gold pieces.

Inventory:

Hand Weapons
 s - a +2 whip of flaming (weapon)
 K - a +1 vampiric whip
Missiles
 b - 435 stones
 u - 2 throwing nets
Armour
 g - a +0 tower shield
 i - a +2 pair of boots of stealth (worn)
 t - a +1 pair of gloves of strength (worn)
 B - the +1 helmet of Leaves (worn) {rF+ Stlth+}
   (You found it on level 7 of the Dungeon)

   rF:        It protects you from fire.
   Stlth:     It makes you more stealthy.
 D - +0 steam dragon scales (worn)
 J - a +0 cloak (worn)
 L - a +1 ring mail of cold resistance
Magical Staves
 w - a staff of earth
Jewellery
 a - an amulet of regeneration
 h - a ring of positive energy (left hand)
 j - the ring of Utuar (right hand) {EV+4 Int+2}
   (You acquired it on level 4 of the Dungeon)

   [ring of evasion]

   EV:        It affects your evasion (+4).
   Int:       It affects your intelligence (+2).
 v - a ring of protection from cold
 x - a ring of protection from fire
 A - an amulet of magic regeneration (around neck)
Wands
 G - a wand of paralysis (17)
 M - a wand of flame (41)
 P - a wand of mindburst (13)
Scrolls
 f - 3 scrolls of magic mapping
 n - a scroll of blinking
 q - 9 scrolls of teleportation
 y - 2 scrolls of fog
 E - a scroll of fear
Potions
 c - a potion of cancellation {unknown}
 d - a potion of ambrosia {unknown}
 e - 4 potions of curing
 k - a potion of brilliance {unknown}
 l - 3 potions of mutation
 m - 3 potions of might {unknown}
 o - 3 potions of lignification
 p - 3 potions of resistance
 r - 2 potions of invisibility {unknown}
 z - 4 potions of attraction {unknown}
 C - a potion of haste {unknown}
 I - 3 potions of flight
 O - 3 potions of heal wounds


   Skills:
 + Level 1.9 Fighting
 + Level 2.9 Maces & Flails
 + Level 3.4 Dodging
 - Level 2.1 Stealth
 * Level 12.0 Spellcasting
 * Level 11.5 Conjurations
 * Level 11.3 Fire Magic
 * Level 4.4 Air Magic
 + Level 3.8 Poison Magic


You had 6 spell levels left.
You knew the following spells:

 Your Spells              Type           Power      Damage    Failure   Level
a - Foxfire               Conj/Fire      100%       2x1d9     1%          1
b - Conjure Flame         Conj/Fire      61%        6-21      1%          3
c - Sticky Flame          Conj/Fire      61%        2d8       1%          4
d - Fireball              Conj/Fire      30%        3d13      1%          5
e - Magic Dart            Conj           100%       1d8       1%          1
f - Shock                 Conj/Air       100%       1d9       1%          1
g - Olgreb's Toxic Radia  Pois           31%        N/A       2%          4
h - Mephitic Cloud        Conj/Pois/Air  44%        N/A       1%          3
i - Ignite Poison         Fire/Tmut/Pois 37%        N/A       1%          3
j - Bolt of Magma         Conj/Fire/Erth 24%        4d12      1%          5

Your spell library contained the following spells:

 Spells                   Type           Power      Damage    Failure   Level
 Freeze                   Ice            52%        1d7       1%          1
 Inner Flame              Hex/Fire       39%        N/A       1%          3
 Hailstorm                Conj/Ice       40%        3d10      1%          4
 Pain                     Necr           52%        1d6       4%          1
 Frozen Ramparts          Ice            26%        1d4       4%          3
 Call Imp                 Summ           13%        N/A       7%          2
 Gell's Gravitas          Tloc           6%         N/A       14%         3
 Teleport Other           Tloc           13%        N/A       14%         3
 Agony                    Necr           13%        N/A       77%         5
 Excruciating Wounds      Necr           6%         N/A       77%         5
 Dispersal                Tloc           6%         N/A       100%        6


Dungeon Overview and Level Annotations

Branches:
Dungeon (10/15)            Temple (1/1) D:5            Lair (4/6) D:10
  Swamp (0/4) Lair:3          Orc (0/2) D:9
  Snake: Lair:2-4    Spider: Lair:2-4

Altars:
Ashenzari
Cheibriados
Dithmenos
Elyvilon
Fedhas
Gozag
Hepliaklqana
Kikubaaqudgha
Makhleb
Nemelex Xobeh
Okawaru
Qazlal
Ru
Sif Muna
Trog
Uskayaw
Vehumet
Wu Jian
Xom
Yredelemnul
Zin
The Shining One
Lugonu

Portals:
Trove: D:10 (give +7 demon blade)

Annotations:
D:4 2 transporters, Nanban's ghost, weakling OpDe


Innate Abilities, Weirdness & Mutations

You are immune to sickness and miasma.
Your stone body is resilient. (AC +9)
You are immune to poison.
You resist negative energy. (rN+)
You are resistant to electric shocks. (rElec)
You are resistant to unholy torment.
You are immune to petrification.


Message History

Aiming: Sticky Flame (safe; 1% risk of failure)
Press: ? - help, Shift-Dir - straight line, f/p - seven-headed hydra
Aim: a seven-headed hydra (lightly wounded, covered in liquid flames, 100% to hit)
The sticky flame hits the seven-headed hydra.
The seven-headed hydra is moderately wounded.
The seven-headed hydra burns!
The seven-headed hydra bites you but does no damage.
The seven-headed hydra closely misses you.
The seven-headed hydra bites you.
The seven-headed hydra bites you but does no damage. x2
The seven-headed hydra bites you!
The seven-headed hydra barely misses you.
You hit the seven-headed hydra. You burn the seven-headed hydra.
The seven-headed hydra is moderately wounded.
The seven-headed hydra burns!
The seven-headed hydra bites you!
The seven-headed hydra bites you but does no damage.
The seven-headed hydra barely misses you.
The seven-headed hydra bites you but does no damage.
The seven-headed hydra closely misses you.
The seven-headed hydra barely misses you.
The seven-headed hydra bites you but does no damage.
Casting: Sticky Flame (safe; 1% risk of failure)
Confirm with . or Enter, or press ? or * to list all spells.
Aiming: Sticky Flame (safe; 1% risk of failure)
Press: ? - help, Shift-Dir - straight line, f/p - seven-headed hydra
Aim: a seven-headed hydra (moderately wounded, covered in liquid flames, 100% to hit)
The sticky flame hits the seven-headed hydra!
The seven-headed hydra is heavily wounded.
The seven-headed hydra burns!
The seven-headed hydra bites you.
The seven-headed hydra bites you but does no damage.
The seven-headed hydra bites you!
* * * LOW HITPOINT WARNING * * *
The seven-headed hydra bites you.
* * * LOW HITPOINT WARNING * * *
The seven-headed hydra bites you.
* * * LOW HITPOINT WARNING * * *
The seven-headed hydra bites you.
* * * LOW HITPOINT WARNING * * *
The seven-headed hydra bites you!
You die...

.... ##...
.... #.....
..... .÷..÷
..... #..÷#
...... ...#
......##...#
......††D÷##
#@.⌠.#
.......†..##
......#....#
.......#...#
...). .
#..[#
#......
#.... ....
.. #....
....... ....


You could see a seven-headed hydra (burning).

Vanquished Creatures
  6 hydras
  2 two-headed ogres
  A satyr (shapeshifter) (D:10)
  Pikel (D:5)
  6 cane toads
  A black mamba (Lair:3)
  3 komodo dragons
  2 rime drakes
  A troll (D:10)
  11 blink frogs
  A tyrant leech (Lair:3)
  A slime creature (D:8)
  25 yaks
  A wraith (D:10)
  3 wyverns
  Eustachio (D:5)
  A yak (shapeshifter) (D:9)
  2 basilisks (Lair:1)
  A steam dragon (D:8)
  4 wargs (D:9)
  3 swamp worms (Lair:3)
  An acid dragon (D:9)
  15 water moccasins
  2 ice beasts
  3 orc warriors
  A black bear (D:10)
  7 wolves (Lair:1)
  A centaur (D:9)
  3 ogres (D:6)
  3 lemures
  4 bullfrogs
  3 gnoll sergeants
  9 scorpions
  A wyvern zombie (D:6)
  5 wights (D:7)
  12 killer bees
  An electric eel (Lair:1)
  A bullfrog zombie (D:5)
  3 bullfrog skeletons
  7 jellies
  A centaur skeleton (D:7)
  3 orc priests (D:8)
  4 iguanas
  12 orc wizards
  4 hell rats (Lair:2)
  A hound skeleton (D:4)
  3 howler monkey zombies
  Robin (D:4)
  12 gnolls
  4 river rats (Lair:2)
  10 adders
  2 shadow imps
  A white imp (D:5)
  A worm (D:2)
  2 dart slugs (D:2)
  38 orcs
  16 endoplasms
  4 giant cockroaches
  7 goblins
  9 hobgoblins
  8 kobolds
  5 quokkas
  5 ball pythons
  A ball python zombie (D:3)
  8 bats
  5 frilled lizards
  A quokka zombie (D:3)
  10 rats
  A butterfly (Lair:3)
338 creatures vanquished.

Vanquished Creatures (collateral kills)
  12 foxfires
12 creatures vanquished.

Vanquished Creatures (others)
  2 demonic plants (Temple)
  1424 foxfires
  83 fungi
  63 plants
1572 creatures vanquished.

Grand Total: 1922 creatures vanquished

Notes
Turn   | Place    | Note
-------+----------+-------------------------------------------
     0 | D:1      | funkygono the Gargoyle Fire Elementalist began the quest
                  | for the Orb.
     0 | D:1      | Reached XP level 1. HP: 10/10 MP: 3/3
   183 | D:1      | Reached XP level 2. HP: 15/15 MP: 1/5
   855 | D:2      | Reached XP level 3. HP: 14/19 MP: 3/6
   859 | D:2      | Learned a level 3 spell: Conjure Flame
  1414 | D:2      | Reached XP level 4. HP: 24/24 MP: 2/7
  2125 | D:2      | Learned a level 4 spell: Sticky Flame
  2193 | D:3      | Found a faded altar of an unknown god.
  2741 | D:3      | Reached skill level 3 in Spellcasting
  2741 | D:3      | Reached XP level 5. HP: 28/28 MP: 7/9
  2819 | D:3      | Found a basalt altar of Yredelemnul.
  2874 | D:3      | Identified a scroll of acquirement
  2874 | D:3      | Acquired a +2 pair of boots of stealth
  3012 | D:4      | Learned a level 1 spell: Magic Dart
  3136 | D:4      | Found a sacrificial altar of Ru.
  3138 | D:4      | Found a glowing golden altar of the Shining One.
  3138 | D:4      | Found a shimmering altar of Xom.
  3139 | D:4      | Found a white marble altar of Elyvilon.
  3140 | D:4      | Found an iron altar of Okawaru.
  3140 | D:4      | Found a stormy altar of Qazlal.
  3315 | D:4      | Found a transporter.
  3319 | D:4      | Noticed Nanban's ghost (weakling OpDe)
  3332 | D:4      | Reached skill level 5 in Fire Magic
  3332 | D:4      | Reached XP level 6. HP: 21/32 MP: 3/11
  3444 | D:4      | Noticed Robin
  3576 | D:4      | Killed Robin
  3630 | D:4      | Found a transporter.
  3769 | D:4      | Acquired the ring of Utuar {EV+4 Int+2}
  3796 | D:5      | Entered Level 5 of the Dungeon
  3981 | D:5      | Noticed a water moccasin
  3993 | D:5      | Killed a water moccasin
  3994 | D:5      | Reached skill level 1 in Maces & Flails
  3994 | D:5      | Reached skill level 4 in Spellcasting
  3994 | D:5      | Reached XP level 7. HP: 36/36 MP: 2/13
  4000 | D:5      | Learned a level 5 spell: Fireball
  4229 | D:5      | Found a staircase to the Ecumenical Temple.
  4251 | Temple   | Entered the Ecumenical Temple
  4347 | D:5      | Noticed Eustachio
  4375 | D:5      | Killed Eustachio
  4496 | D:5      | Found a radiant altar of Vehumet.
  4500 | D:5      | Noticed Pikel
  4850 | D:5      | Killed Pikel
  4851 | D:5      | Reached skill level 5 in Spellcasting
  4851 | D:5      | Reached skill level 5 in Conjurations
  4851 | D:5      | Reached XP level 8. HP: 12/42 MP: 6/16
  5313 | D:5      | Became a worshipper of Vehumet
  5392 | D:5      | Acquired a +1 pair of gloves of strength
  5456 | D:6      | Reached skill level 6 in Spellcasting
  5583 | D:6      | Found an ornate altar of the Wu Jian Council.
  5584 | D:6      | Found a glowing silver altar of Zin.
  5901 | D:6      | Reached XP level 9. HP: 46/46 MP: 13/18
  6129 | D:6      | Found a shimmering blue altar of Sif Muna.
  6316 | D:6      | Reached skill level 1 in Fighting
  7302 | D:7      | Reached skill level 7 in Spellcasting
  7354 | D:7      | Reached * piety under Vehumet
  7354 | D:7      | Offered knowledge of Freeze by Vehumet.
  7458 | D:7      | Found a hazy altar of Hepliaklqana.
  7464 | D:7      | Found a shadowy altar of Dithmenos.
  7572 | D:7      | Identified the +1 helmet of Leaves {rF+ Stlth+}
  8571 | D:8      | Reached skill level 8 in Spellcasting
  8808 | D:8      | Reached XP level 10. HP: 49/52 MP: 22/22
  9181 | D:8      | Offered knowledge of Shock by Vehumet.
  9185 | D:8      | Learned a level 1 spell: Shock
  9203 | D:8      | Reached ** piety under Vehumet
  9642 | D:8      | Found an ancient bone altar of Kikubaaqudgha.
  9708 | D:8      | Noticed a two-headed ogre
  9718 | D:8      | Killed a two-headed ogre
  9719 | D:8      | Reached skill level 9 in Spellcasting
 10007 | D:9      | Reached skill level 1 in Air Magic
 10182 | D:9      | Noticed a black mamba
 10193 | D:9      | a black mamba changed into a yak
 10255 | D:9      | Noticed a two-headed ogre
 10264 | D:9      | Killed a two-headed ogre
 10394 | D:9      | Found an opulent altar of Gozag.
 10586 | D:9      | Found a staircase to the Orcish Mines.
 10787 | D:9      | Reached XP level 11. HP: 39/56 MP: 22/24
 11296 | D:10     | Entered Level 10 of the Dungeon
 11686 | D:10     | Found a staircase to the Lair.
 11701 | D:10     | Offered knowledge of Ignite Poison by Vehumet.
 12069 | D:10     | Noticed an alligator
 12077 | D:10     | Noticed a satyr
 12077 | D:10     | an alligator changed into a satyr
 12180 | D:10     | Killed a satyr
 12268 | D:10     | Reached *** piety under Vehumet
 12402 | D:10     | Found a portal to a secret trove of treasure.
 12446 | D:10     | Found a sparkling altar of Nemelex Xobeh.
 12797 | D:10     | Learned a level 3 spell: Ignite Poison
 12801 | D:10     | Learned a level 3 spell: Mephitic Cloud
 12809 | Lair:1   | Entered Level 1 of the Lair of Beasts
 12819 | Lair:1   | Reached skill level 10 in Spellcasting
 12842 | Lair:1   | Noticed a five-headed hydra
 12861 | Lair:1   | Killed a five-headed hydra
 12862 | Lair:1   | Reached skill level 10 in Conjurations
 13084 | Lair:1   | Noticed a four-headed hydra
 13092 | Lair:1   | Killed a four-headed hydra
 13093 | Lair:1   | Reached skill level 10 in Fire Magic
 13586 | Lair:1   | Offered knowledge of Olgreb's Toxic Radiance by Vehumet.
 13604 | Lair:1   | Learned a level 4 spell: Olgreb's Toxic Radiance
 13712 | Lair:1   | Reached XP level 12. HP: 47/61 MP: 21/26
 14085 | Lair:2   | HP: 3/61 [komodo dragon (6)]
 14087 | Lair:2   | Reached skill level 1 in Poison Magic
 14414 | Lair:2   | Reached skill level 11 in Spellcasting
 14676 | Lair:2   | Noticed an eight-headed hydra
 14788 | Lair:2   | Killed an eight-headed hydra
 15028 | Lair:2   | Reached **** piety under Vehumet
 15129 | Lair:2   | Offered knowledge of Bolt of Magma by Vehumet.
 15139 | Lair:2   | Learned a level 5 spell: Bolt of Magma
 15763 | Lair:3   | Noticed a five-headed hydra
 15786 | Lair:3   | Killed a five-headed hydra
 16326 | Lair:3   | Noticed a six-headed hydra
 16333 | Lair:3   | Killed a six-headed hydra
 16356 | Lair:3   | Noticed a four-headed hydra
 16361 | Lair:3   | Killed a four-headed hydra
 16549 | Lair:3   | Found a staircase to the Swamp.
 17110 | Lair:4   | Reached XP level 13. HP: 66/66 MP: 26/28
 17121 | Lair:3   | Reached skill level 12 in Spellcasting
 17373 | Lair:4   | Slain by a seven-headed hydra

Illustrated notes

Levels and vault maps discovered:
D:1:      dpeg_arrival_stone_temple_mockup, layout_rooms
D:2:      layout_basic, kennysheep_flooded_box, amethyst_killhole, hex_medium,
          hangedman_decor_opposing, chequers_hall_statues_wall_a,
          chequers_serial_rivers_marsh, kennysheep_pointless_box
D:3:      layout_rooms, lemuel_zombie_altar_yredelemnul, basic_ecumenical_altar,
          kennysheep_decorative_pillar, minmay_misc_feat_plants
D:4:      layout_rooms, grunt_temple_overflow_open, gammafunk_ghost_stat_death,
          st_stairs_13, interstate_on_off, uniq_robin
D:5:      layout_cave_pools, nicolae_overflow_crystal_walls,
          minmay_temple_entry_mist, uniq_eustachio, uniq_pikel
D:6:      layout_layer_cave, mainiacjoe_overflow_six_doors_small,
          gammafunk_temple_overflow_pools, hangedman_abyss_or_decor_stabs
D:7:      layout_loops_ring, riverfiend_overflow_shadow_ancestor
D:8:      lemuel_slime, layout_loops_corners, kennysheep_little_box,
          corexii_hall_statues_l
D:9:      layout_cave_pods, grunt_gozag_statues, minmay_orc_entry_guard_dogs
D:10:     layout_loops_ring, mainiacjoe_overflow_concentric_impassable,
          due_lair_maze_entry_diamond, trove_entry_hex_spiral
Temple:   corrupted_temple
Lair:1:   layout_chaotic_city, serial_bayou_shore_a
Lair:2:   layout_small_grid, chequers_serial_rivers_micro_b,
          kennysheep_abandoned_house
Lair:3:   layout_long_grid, palyth_hydra_swamp_entry, lemuel_fruit_fields
Lair:4:   gammafunk_mikee_crab_dinner, layout_regular_city,
          nicolae_spider_entry_tight_spaces, grunt_megastairs_5,
          lemuel_fruit_tree, uniq_rupert

Skill      XL: |  1  2  3  4  5  6  7  8  9 10 11 12 13 |
---------------+----------------------------------------+-----
Fire Magic     | 4 5 6 7 9 10 11 | 11.3
Conjurations   | 2 3 5 6 7 9 10 11 | 11.5
Spellcasting   | 3 4 5 6 8 9 10 11 12 | 12.0
Maces & Flails | 1 2 |  2.9
Dodging        | 2 3 |  3.4
Fighting       | 1 |  1.9
Air Magic      | 2 3 4 |  4.4
Poison Magic   | 3 |  3.8
Stealth        | |  2.1

Action                   |  1- 3 |  4- 6 |  7- 9 | 10-12 | 13-15 || total
-------------------------+-------+-------+-------+-------+-------++-------
Melee: Whip              |     2 |    38 |    40 |   169 |     2 ||   251
 Cast: Foxfire           |    60 |   114 |   266 |   386 |     4 ||   830
       Magic Dart        |       |     2 |       |     1 |       ||     3
       Conjure Flame     |       |       |     4 |     5 |       ||     9
       Sticky Flame      |       |       |     6 |    62 |     4 ||    72
       Fireball          |       |       |       |    20 |       ||    20
       Shock             |       |       |       |     3 |       ||     3
       Ignite Poison     |       |       |       |    19 |     5 ||    24
       Olgreb's Toxic Ra |       |       |       |    16 |     3 ||    19
       Mephitic Cloud    |       |       |       |     2 |       ||     2
  Use: Scroll            |     2 |     7 |     7 |     4 |       ||    20
       Potion            |       |       |       |     1 |       ||     1
Armor: Robe              |    12 |    35 |    26 |       |       ||    73
       Steam dragon scal |       |       |     4 |   133 |    16 ||   153
Dodge: Dodged            |    10 |    65 |    72 |   277 |    18 ||   442
